Map: Frozen Temple

Players

Miszu

  • Race: Zerg Zerg

GraVe - Winner!

  • Race: Protoss Protoss
  • League: Master

VOD

Have the link to the VOD?

Description

Time

  • Played on: July 2, 2016, 10:16 a.m.
  • Length: 11:38
Show
View Real Time Build Order
Export as new Build Order

Miszu Zerg 

Build Orders: Pool First 

Get SALT Encoding   

  12  0:00  Drone  
  13  0:12  Overlord  
  13  0:17  Drone  
  14  0:31  Drone x2  
  17  0:35  Drone  
  17  0:45  Drone  
  18  0:54  Spawning Pool  
  17  0:59  Drone  
  18  1:21  Overlord  
  18  1:33  Extractor  
  17  1:41  Zergling x6  
  17  1:42  Queen  
  22  1:54  Drone  
  23  2:03  Drone  
  24  2:14  Drone, Hatchery  
  24  2:24  Drone  
  24  2:29  Hatchery  
  24  2:39  Drone  
  24  2:40  Metabolic Boost  
  25  2:47  Overlord  
  25  2:53  Drone x3  
  28  3:02  Overlord  
  28  3:14  Drone  
  28  3:15  Evolution Chamber  
  28  3:23  Drone x3  
  31  3:28  Drone x2  
  31  3:33  Queen  
  34  3:44  Queen  
  34  3:46  Zerg Melee Weapons Level 1  
  37  3:48  Drone  
  37  3:54  Evolution Chamber  
  36  4:00  Zergling x6  
  39  4:05  Overlord  
  39  4:08  Spore Crawler  
  38  4:12  Drone x4  
  42  4:22  Drone x4  
  46  4:30  Drone x3  
  47  4:37  Baneling Nest  
  46  4:40  Zerg Ground Armor Level 1  
  46  4:44  Zergling x4  
  48  4:47  Zergling x4  
  48  4:50  Zergling x2  
  48  4:51  Zergling x2  
  52  4:56  Overlord  
  52  5:01  Zergling x8  
  52  5:05  Overlord  
  56  5:12  Zergling x2  
  57  5:15  Zergling x12  
  61  5:21  Zergling x2  
  61  5:22  Zergling x6  
  61  5:26  Zergling x2  
  61  5:27  Zergling x2  
  61  5:37  Zergling x2  
  61  5:38  Zergling x10  
  61  5:42  Zergling x6  
  63  5:47  Lair  
  63  5:52  Zergling x8  
  63  5:54  Overlord  
  67  6:02  Zergling x8  
  70  6:12  Zergling x6  
  70  6:16  Overlord x2  
  72  6:26  Zergling x18  
  80  6:35  Zergling x6  
  80  6:38  Baneling  
  80  6:39  Baneling x7  
  82  6:40  Zergling x2  
  82  6:41  Baneling x2  
  82  6:43  Zergling x2  
  84  6:49  Drone  
  84  6:50  Drone x2  
  84  6:51  Drone x2  
  89  6:56  Zergling x4  
  89  6:57  Zergling x2  
  88  7:08  Zergling x4  
  83  7:21  Zergling x10  
  83  7:22  Zergling x10  
  79  7:25  Zergling x6  
  79  7:26  Zergling x2  
  79  7:32  Zergling x4  
  79  7:41  Zergling x6  
  82  7:48  Hatchery  
  81  7:53  Baneling x4  
  81  7:55  Zergling x6  
  81  7:58  Extractor, Pneumatized Carapace  
  84  7:59  Overlord  
  84  8:00  Extractor, Drone  
  84  8:02  Drone  
  84  8:07  Drone  
  84  8:08  Drone x2  
  87  8:14  Zergling x10  
  92  8:31  Zergling x10  
  93  8:38  Drone  
  93  8:40  Zergling x6  
  97  8:48  Zergling x12  
  97  8:49  Zergling x2  
  97  8:51  Overlord x2  
  104  8:59  Zerg Melee Weapons Level 2  
  104  9:07  Zergling x10  
  109  9:14  Zergling x2  
  108  9:18  Zergling x2  
  108  9:19  Zergling x12  
  108  9:23  Zergling x8  
  118  9:26  Zergling x2  
  118  9:28  Zergling x4  
  117  9:33  Zergling x2  
  117  9:37  Zergling x2  
  119  9:41  Zergling x4  
  117  9:46  Zergling x4  
  116  10:00  Zergling x6  
  116  10:01  Zergling x6  
  107  10:15  Zergling x20  
  107  10:19  Zergling x4  
  112  10:24  Zergling x4  
  112  10:27  Zergling x2  
  112  10:28  Zergling x2  
  116  10:30  Zergling x2  
  114  10:37  Baneling x2  
  114  10:38  Baneling  
  112  10:54  Zergling x18  
  120  10:58  Zergling x2  
  74  11:11  Zergling x12  
  74  11:12  Zergling x6  
Show
View Real Time Build Order
Export as new Build Order

GraVe Protoss - Winner!

Build Orders: 1 Gate Expand 

Get SALT Encoding   

  12  0:01  Probe (Chrono Boost)  
  13  0:11  Probe (Chrono Boost)  
  14  0:18  Pylon  
  14  0:22  Probe (Chrono Boost)  
  15  0:37  Probe (Chrono Boost)  
  15  0:40  Gateway  
  16  0:44  Assimilator  
  16  0:48  Probe (Chrono Boost)  
  17  0:59  Probe (Chrono Boost)  
  17  1:01  Pylon  
  18  1:09  Probe (Chrono Boost)  
  19  1:15  Pylon  
  19  1:21  Probe (Chrono Boost)  
  20  1:40  Nexus  
  20  1:48  Cybernetics Core  
  20  1:54  Zealot  
  20  1:59  Probe (Chrono Boost)  
  23  2:05  Assimilator  
  23  2:10  Probe (Chrono Boost)  
  24  2:16  Pylon  
  24  2:27  Adept, Warp Gate  
  26  2:38  Probe (Chrono Boost)  
  26  2:44  Twilight Council  
  27  2:49  Probe (Chrono Boost)  
  28  2:51  Probe (Chrono Boost)  
  28  2:54  Adept (Chrono Boost)  
  30  3:00  Probe  
  30  3:02  Probe  
  32  3:12  Probe x2  
  33  3:17  Resonating Glaives (Chrono Boost)  
  34  3:23  Adept (Chrono Boost), Probe  
  34  3:24  Probe  
  38  3:33  Probe  
  38  3:39  Gateway  
  39  3:41  Gateway  
  39  3:43  Probe  
  40  3:51  Pylon, Probe  
  41  3:57  Probe  
  41  4:01  Pylon  
  41  4:02  Adept (Chrono Boost)  
  44  4:06  Probe  
  45  4:12  Probe  
  45  4:16  Pylon  
  46  4:18  Mothership Core (Chrono Boost)  
  49  4:24  Probe  
  47  4:36  Probe (Chrono Boost)  
  48  4:39  Probe (Chrono Boost)  
  48  4:44  Adept x3  
  55  4:47  Probe (Chrono Boost)  
  55  4:49  Probe (Chrono Boost)  
  55  4:52  Assimilator  
  57  4:53  Assimilator  
  57  4:57  Probe (Chrono Boost)  
  58  5:00  Probe (Chrono Boost)  
  58  5:02  Nexus, Pylon  
  58  5:05  Adept  
  61  5:07  Adept  
  61  5:11  Adept  
  65  5:16  Pylon  
  65  5:17  Probe (Chrono Boost)  
  66  5:23  Probe (Chrono Boost)  
  66  5:27  Probe (Chrono Boost)  
  68  5:33  Probe (Chrono Boost)  
  69  5:36  Sentry x3  
  69  5:44  Robotics Facility, Probe x2 (Chrono Boost)  
  69  5:46  Robotics Facility  
  71  5:54  Probe x2 (Chrono Boost)  
  71  5:56  Forge  
  73  6:05  Probe x2 (Chrono Boost)  
  73  6:07  Pylon  
  73  6:09  Pylon  
  75  6:15  Probe x2 (Chrono Boost)  
  75  6:16  Probe (Chrono Boost)  
  78  6:19  Blink (Chrono Boost)  
  78  6:25  Adept  
  80  6:26  Probe x3 (Chrono Boost)  
  80  6:28  Adept, Sentry  
  80  6:29  Phoenix  
  85  6:32  Protoss Ground Weapons Level 1 (Chrono Boost)  
  85  6:36  Probe x2 (Chrono Boost)  
  85  6:37  Probe (Chrono Boost)  
  88  6:40  Observer (Chrono Boost)  
  88  6:41  Immortal (Chrono Boost), Photon Cannon  
  88  6:45  Photon Cannon  
  93  6:47  Probe  
  93  6:49  Probe  
  93  6:51  Probe  
  96  6:58  Assimilator  
  96  6:59  Probe  
  96  7:01  Assimilator  
  97  7:03  Pylon  
  97  7:04  Adept x2  
  97  7:05  Adept  
  97  7:06  Probe  
  89  7:25  Pylon  
  89  7:26  Pylon  
  89  7:28  Pylon, Probe  
  88  7:36  Immortal, Photon Cannon  
  88  7:37  Pylon  
  88  7:41  Immortal  
  96  7:44  Templar Archives  
  96  7:47  Gateway  
  96  7:49  Gateway, Zealot x3  
  102  7:52  Gateway  
  102  7:57  Pylon x2  
  102  8:11  Pylon  
  102  8:14  Pylon  
  102  8:17  Pylon  
  102  8:19  Gateway  
  102  8:20  Pylon  
  102  8:25  High Templar x3, Gateway  
  102  8:26  Gateway  
  108  8:28  Gateway  
  108  8:29  Archon  
  106  8:35  Warp Prism  
  106  8:36  Protoss Ground Weapons Level 2  
  108  8:46  High Templar  
  110  8:56  High Templar x2  
  110  8:57  High Templar  
  110  9:00  Archon  
  110  9:01  Archon  
  116  9:10  Stalker x2  
  120  9:20  High Templar x2  
  124  9:26  Sentry, Gateway  
  124  9:27  Pylon  
  124  9:28  Gateway  
  124  9:30  Gateway  
  124  9:31  Archon, Robotics Bay  
  124  9:32  Gateway  
  124  9:38  High Templar x2  
  126  9:39  Pylon, Zealot x4  
  126  9:41  Pylon  
  126  9:42  Pylon  
  126  9:44  Pylon  
  136  9:47  Archon  
  136  9:50  Zealot  
  138  9:56  Zealot x2  
  142  10:04  Zealot  
  142  10:05  Probe  
  143  10:10  Zealot x5  
  143  10:13  Gateway  
  150  10:19  High Templar  
  150  10:20  High Templar  
  154  10:24  Archon  
  154  10:27  Observer  
  161  10:42  Zealot x9  
  179  10:43  Photon Cannon  
  179  10:44  Photon Cannon  
  164  10:58  Zealot  
  164  10:59  Sentry  
  164  11:04  Sentry x3  
  161  11:12  Zealot x2  
  133  11:26  Pylon  
  133  11:27  Pylon  
  133  11:29  Pylon  
  118  11:34  Zealot x4  
Tags
 
Add a new tag
Caveats
  • Supply blocks, unpowered buildings, or Contaminate may cause inaccurate times.
  • Supply counts are checked every 10 seconds.